 Dungeon Crawl Stone Soup version 0.24.0-13-gcf9b3192b9 (webtiles) character file.

Game seed: 8941941686238884852, levelgen mode: deterministic

1831 Matador8 the Spear-Bearer (level 9, 0/73 HPs)
             Began as a Naga Warper on Nov 7, 2019.
             Was a Believer of Nemelex Xobeh.
             Killed from afar by a steam dragon (19 damage)
             ... with a ball of steam
             ... on level 7 of the Dungeon.
             The game lasted 00:57:31 (8790 turns).

Matador8 the Spear-Bearer (Naga Warper)             Turns: 8790, Time: 00:57:37

Health: 0/73       AC:  5    Str: 16    XL:     9   Next: 11%
Magic:  12/12      EV:  7    Int: 15    God:    Nemelex Xobeh [**....]
Gold:   114        SH:  9    Dex: 10    Spells: 10/12 levels left

rFire    . . .     SeeInvis +   L - +0 trident
rCold    . . .     Gourm    .   J - +1 shield {reflect}
rNeg     . . .     Faith    .   b - +0 leather armour
rPois    +         Spirit   .   (no helmet)
rElec    .         Reflect  +   (no cloak)
rCorr    .         Harm     .   B - +0 pair of gloves
MR       +....                  (no barding)
Stlth    +++.......             (no amulet)
HPRegen  0.22/turn              (no ring)
MPRegen  0.13/turn              (no ring)

@: short of breath, very slow
A: large, see invisible, deformed body, poison resistance, slowness 2, slow
metabolism 1, spit poison 1, AC +3
a: Spit Poison, Draw Escape, Draw Destruction, Draw Summoning, Renounce Religion


You were on level 7 of the Dungeon.
You worshipped Nemelex Xobeh.
Nemelex Xobeh was pleased with you.
You were not hungry.

You visited 1 branch of the dungeon, and saw 7 of its levels.

You collected 354 gold pieces.
You spent 240 gold pieces at shops.

Inventory:

Hand Weapons
 t - a +3 dagger
 L - a +0 trident (weapon)
Missiles
 e - 2 boomerangs of dispersal (quivered)
 k - 22 boomerangs
 q - 7 poisoned darts
Armour
 b - a +0 leather armour (worn)
 p - a +0 ring mail
 B - a +0 pair of gloves (worn)
 J - a +1 shield of reflection (worn)
Jewellery
 x - an uncursed ring of see invisible {unknown}
 y - an uncursed ring of wizardry {unknown}
 E - a cursed -4 ring of strength {unknown}
Wands
 n - a wand of clouds (7)
 v - a wand of flame (12)
 D - a wand of iceblast (23)
 F - a wand of polymorph (8)
 G - a wand of disintegration (3)
Scrolls
 c - 2 scrolls of fear
 d - a scroll of blinking
 g - 2 scrolls of identify
 l - a scroll of magic mapping {unknown}
 m - a scroll of noise {unknown}
 o - a scroll of amnesia {unknown}
 s - a scroll of enchant armour {unknown}
 A - 2 scrolls of remove curse {unknown}
Potions
 h - a potion of might {unknown}
 i - 3 potions of agility
 j - 2 potions of mutation {unknown}
 r - 4 potions of haste {unknown}
 u - a potion of cancellation {unknown}
 w - 2 potions of degeneration {unknown}
 z - 2 potions of curing {unknown}
 C - a potion of heal wounds {unknown}
 H - a potion of invisibility {unknown}
 I - a potion of lignification {unknown}
Comestibles
 a - 5 chunks of flesh
 f - 10 rations


   Skills:
 - Level 2.0 Fighting
 - Level 8.3 Polearms
 - Level 2.0 Throwing
 - Level 0.7 Armour
 - Level 1.5 Dodging
 - Level 8.2 Stealth
 * Level 2.1 Shields
 - Level 2.1 Spellcasting
 + Level 3.0 Translocations
 - Level 5.1 Invocations


You had 10 spell levels left.
You knew the following spells:

 Your Spells              Type           Power        Failure   Level  Hunger
a - Blink                 Tloc           N/A          45%         2    ###....

Your spell library contained the following spells:

 Spells                   Type           Power        Failure   Level  Hunger
 Shroud of Golubria       Chrm/Tloc      #.....       67%         2    ###....
 Gell's Gravitas          Tloc           ##........   71%         3    ###....
 Lesser Beckoning         Tloc           ##........   71%         3    ###....
 Teleport Other           Tloc           ##......     71%         3    ###....
 Corona                   Hex            #......      75%         1    #......
 Ensorcelled Hibernation  Hex/Ice        #.....       87%         2    ###....
 Confuse                  Hex            #.......     98%         3    ###....
 Dazzling Spray           Conj/Hex       #.....       98%         3    ###....
 Tukima's Dance           Hex            #.......     98%         3    ###....
 Passage of Golubria      Tloc           N/A          98%         4    #####..


Dungeon Overview and Level Annotations

Branches:
Dungeon (7/15)             Temple (0/1) D:4

Altars:
Cheibriados
Dithmenos
Gozag
Hepliaklqana
Nemelex Xobeh
Okawaru
Vehumet
The Shining One

Shops:
D:4 [   D:6 =   D:7 :


Innate Abilities, Weirdness & Mutations

You cannot wear boots.
Your serpentine skin is tough. (AC +3)
You have supernaturally acute eyesight. (SInv)
Armour fits poorly on your strangely shaped body.
Your system is resistant to poisons. (rPois)
You cover ground very slowly.
You have a slow metabolism.
You can spit poison.


Message History

The steam dragon is moderately wounded.
The steam dragon breathes steam at you. The ball of steam hits you!!
You hear a shout! x2
You completely miss the steam dragon.
The steam dragon is moderately wounded.
You are engulfed in a cloud of scalding steam.
You block the steam dragon's attack.
The steam dragon claws you but does no damage.
Press: ? - help, Shift-Dir - straight line, f/p - steam dragon
Aim: a steam dragon (moderately wounded, catching its breath)
The splash of poison hits the steam dragon.
The steam dragon is heavily wounded.
You feel slightly more hungry.
You are engulfed in a cloud of scalding steam.
* * * LOW HITPOINT WARNING * * *
The steam dragon breathes steam at you. The ball of steam hits you!!
You die...
Your body disappears without a glow.

....####.# #.. #.###
#.# #.# #.# #.# #.# #.#
#.# #.# #.# #.# #.# ..#
#.# #5# ### #.##### #.#
#.....###D# ####.#.##@#
#.).###.§§#
######÷##)#.####
###......###)##
.).....### #.# ....##.#
#.########.# ######.##
#)#........#
).......####...........
######.........########


You could see a steam dragon and a shadow imp.

Vanquished Creatures
  A phantom (D:6)
  3 ogres
  2 centaurs
  2 scorpions
  A wight (D:6)
  A centaur zombie (D:7)
  2 crimson imps
  6 hounds
  2 jellies
  4 orc priests
  5 orc wizards
  4 worker ants
  2 hound skeletons
  8 adders
  A shadow imp (D:5)
  2 oozes
  An adder skeleton (D:7)
  4 worms
  4 dart slugs
  5 leopard geckos
  27 orcs
  A ball python (D:3)
  12 bats
  6 giant cockroaches
  2 goblins
  6 hobgoblins
  4 jackals (D:4)
  4 quokkas
  5 frilled lizards
  5 kobolds
  6 rats
138 creatures vanquished.

Vanquished Creatures (collateral kills)
  An orc warrior (D:7)
  A sky beast (D:6)
  A centaur (D:5)
  A wight (D:6)
  An orc priest (D:7)
  A hound zombie (D:5)
  An adder (D:5)
  An adder skeleton (D:7)
  An orc (D:7)
9 creatures vanquished.

Vanquished Creatures (others)
  Sigmund (D:5)
  A wight (D:6)
2 creatures vanquished.

Grand Total: 149 creatures vanquished

Notes
Turn   | Place    | Note
-------+----------+-------------------------------------------
     0 | D:1      | Matador8 the Naga Warper began the quest for the Orb.
     0 | D:1      | Reached XP level 1. HP: 19/19 MP: 3/3
    82 | D:1      | Reached skill level 1 in Throwing
   368 | D:1      | Reached XP level 2. HP: 26/26 MP: 5/5
   374 | D:1      | Learned a level 2 spell: Blink
   969 | D:2      | Reached XP level 3. HP: 22/32 MP: 6/6
   985 | D:2      | Reached skill level 1 in Stealth
  1163 | D:2      | Found an opulent altar of Gozag.
  1163 | D:2      | Found a sparkling altar of Nemelex Xobeh.
  1268 | D:2      | Became a worshipper of Nemelex Xobeh the Trickster
  1468 | D:2      | Received a gift from Nemelex Xobeh
  1484 | D:2      | Reached XP level 4. HP: 27/39 MP: 7/7
  1665 | D:2      | Found a snail-covered altar of Cheibriados.
  1755 | D:2      | Found an iron altar of Okawaru.
  2218 | D:3      | Reached * piety under Nemelex Xobeh
  2251 | D:3      | Noticed a phantom
  2744 | D:3      | Reached skill level 1 in Invocations
  2744 | D:3      | Reached XP level 5. HP: 21/45 MP: 8/8
  3285 | D:3      | Received a gift from Nemelex Xobeh
  3471 | D:3      | Found a hazy altar of Hepliaklqana.
  3699 | D:3      | Reached XP level 6. HP: 37/52 MP: 9/9
  4335 | D:4      | Reached skill level 5 in Polearms
  4574 | D:4      | Found Guunesoh's Antique Armour Shoppe.
  4672 | D:4      | Found a staircase to the Ecumenical Temple.
  5060 | D:4      | Reached XP level 7. HP: 60/60 MP: 10/10
  5446 | D:4      | Found a radiant altar of Vehumet.
  5448 | D:4      | Found a shadowy altar of Dithmenos.
  5470 | D:5      | Entered Level 5 of the Dungeon
  5476 | D:5      | Reached skill level 5 in Stealth
  5630 | D:5      | Received a gift from Nemelex Xobeh
  5847 | D:5      | Noticed Sigmund
  5888 | D:5      | Killed Sigmund
  6386 | D:6      | Reached XP level 8. HP: 64/67 MP: 11/11
  6912 | D:6      | Reached ** piety under Nemelex Xobeh
  7175 | D:6      | Found Emupim's Jewellery Shoppe.
  7428 | D:6      | Reached skill level 5 in Invocations
  7471 | D:6      | Found a glowing golden altar of the Shining One.
  7834 | D:7      | Found Quloalov's Book Boutique.
  7967 | D:4      | Bought a shiny shield for 240 gold pieces
  8019 | D:5      | Received a gift from Nemelex Xobeh
  8331 | D:7      | Reached XP level 9. HP: 26/73 MP: 6/12
  8344 | D:7      | Reached skill level 1 in Shields
  8790 | D:7      | Killed from afar by a steam dragon

Levels and vault maps discovered:
D:1:      minmay_arrival_loop, layout_basic, hangedman_decor_points,
          minmay_misc_feat_room
D:2:      layout_rooms, grunt_temple_overflow_opulence, kennysheep_slug_shrine,
          roderic_roman_lattice, okawaru_metal_pillars_1_2
D:3:      layout_loops_cross, lemuel_round_altar
D:4:      layout_basic, grunt_temple_overflow_open,
          minmay_temple_entry_sparse_star, serial_shops, nicolae_shop_stone,
          first_ration, kennysheep_doodads
D:5:      lemuel_ice_spiral_2, layout_basic, kennysheep_generic_room_16,
          uniq_sigmund
D:6:      layout_loops_ring, lemuel_doored_altar, serial_shops, shop
D:7:      layout_loops_ring, lemuel_blue_sif_altar, serial_shops, shop_coins,
          grunt_livestock

Skill      XL: |  1  2  3  4  5  6  7  8  9 |
---------------+----------------------------+-----
Throwing       | 1 2 |  2.0
Stealth        | 1 2 3 4 6 8 |  8.2
Polearms       | 3 4 5 6 8 |  8.3
Invocations    | 1 2 4 5 |  5.1
Shields        | 2 |  2.1
Fighting       | |  2.0
Armour         | |  0.7
Dodging        | |  1.5
Spellcasting   | |  2.1
Translocations | |  3.0

Action                   |  1- 3 |  4- 6 |  7- 9 || total
-------------------------+-------+-------+-------++-------
Melee: Spear             |   103 |   216 |   241 ||   560
       Trident           |       |       |    32 ||    32
Throw: Boomerang         |       |     1 |     2 ||     3
 Cast: Blink             |     1 |     6 |     3 ||    10
 Abil: Spit Poison       |    14 |    42 |    52 ||   108
       Draw Destruction  |       |     7 |     9 ||    16
       Draw Summoning    |       |       |     3 ||     3
       Draw Escape       |       |       |     2 ||     2
  Use: Scroll            |       |       |     3 ||     3
 Stab: Sleeping          |       |    10 |     3 ||    13
       Distracted        |       |     2 |     4 ||     6
  Eat: Chunk             |     1 |    13 |    13 ||    27
Armor: Leather armour    |    26 |    35 |    50 ||   111
Dodge: Dodged            |    51 |    67 |    89 ||   207
Block: Shield            |       |       |    15 ||    15
